 Dungeon Crawl Stone Soup version 0.26-b1-32-g5d43845318 (webtiles) character file.

Game seed: 10099241009747745076

132 Borgoz the Cudgeller (level 5, -2/32 HPs)
             Began as a Gargoyle Gladiator on Jan 11, 2021.
             Killed from afar by an orc wizard (4 damage)
             ... with a puff of flame
             ... on level 4 of the Dungeon.
             The game lasted 00:01:18 (1173 turns).

Borgoz the Cudgeller (Gargoyle Gladiator)           Turns: 1173, Time: 00:01:19

Health: -2/32      AC:  9    Str: 18    XL:     5   Next: 15%
Magic:  5/5        EV: 13    Int:  8    God:
Gold:   68         SH:  0    Dex: 12    Spells: 4/4 levels left

rFire    . . .     SeeInvis .   a - +0 flail
rCold    . . .     Faith    .   (no shield)
rNeg     + . .     Spirit   .   b - +0 leather armour
rPois    ∞         Reflect  .   c - +0 helmet
rElec    +         Harm     .   (no cloak)
rCorr    .         Rampage  .   e - +0 pair of gloves
Will     .....                  (no boots)
Stlth    +.........             (no amulet)
HPRegen  0.10/turn              (no ring)
MPRegen  0.09/turn              (no ring)

@: confused, brilliant
A: negative energy resistance 1, electricity resistance, unbreathing,
petrification resistance, miasma immunity, AC +4
a: no special abilities


You were on level 4 of the Dungeon.
You visited 1 branch of the dungeon, and saw 3 of its levels.

You collected 68 gold pieces.

Inventory:

Hand Weapons
 a - a +0 flail (weapon)
Missiles
 d - 3 throwing nets (quivered)
Armour
 b - a +0 leather armour (worn)
 c - a +0 helmet (worn)
 e - a +0 pair of gloves (worn)
Scrolls
 f - a scroll of teleportation


   Skills:
 + Level 2.9 Fighting
 * Level 4.1 Maces & Flails
 - Level 1.7 Throwing
 + Level 1.7 Armour
 * Level 3.3 Dodging


You had 4 spell levels left.
You didn't know any spells.
Your spell library was empty.

Dungeon Overview and Level Annotations

Branches:
Dungeon (2/15)

Altars:


Innate Abilities, Weirdness & Mutations

You are resistant to torment.
Your stone body is resilient. (AC +4)
You are immune to poison.
You resist negative energy. (rN+)
You are resistant to electric shocks. (rElec)
You can survive without breathing.
You are immune to petrification.
You are immune to miasma.


Message History

A magic dart appears from out of thin air!
The magic dart hits you!
* * * LOW HITPOINT WARNING * * *
Something hits you but does no damage.
You closely miss something. Something hits you but does no damage.
You sock something!
Something hits you but does no damage. x2
You closely miss something.
Something hits you but does no damage. x2
You hit something but do no damage. Something hits you but does no damage.
Something completely misses you.
You miss something. Something hits you but does no damage.
You closely miss something. Something hits you but does no damage.
You hear some strange, mumbled words.
You are confused.
You hit something.
Something hits you but does no damage. x2
You miss something.
Something hits you but does no damage. x2
You closely miss something.
You hear some strange, mumbled words.
A puff of flame appears from out of thin air!
The puff of flame hits you.
You die...

############### #####
...[........... .>...
#.#####.......##########
.......)....†.........##
.#####@......#######.##
#.....{.......# ##.##
#......###....# #!...
#...... #....# #....
....... ###### #....
##..... #.... +.....
#.... #..... #.... #....


There were no monsters in sight!

Vanquished Creatures
  A hound (D:4)
  2 orc wizards (D:4)
  A gnoll (D:1)
  An adder (D:4)
  A worm (D:2)
  2 dart slugs
  A leopard gecko (D:1)
  5 orcs (D:4)
  2 goblins (D:1)
  A hobgoblin (D:1)
  A kobold (D:2)
  4 bats (D:1)
  3 frilled lizards
  2 rats (D:1)
27 creatures vanquished.

Notes
Turn   | Place    | Note
-------+----------+-------------------------------------------
     0 | D:1      | Borgoz the Gargoyle Gladiator began the quest for the Orb.
     0 | D:1      | Reached XP level 1. HP: 12/12 MP: 1/1
   224 | D:1      | Reached XP level 2. HP: 12/18 MP: 2/2
   777 | D:1      | Reached XP level 3. HP: 22/22 MP: 3/3
   913 | D:2      | You fall into a shaft and drop 2 floors!
   927 | D:4      | Reached skill level 1 in Armour
   933 | D:4      | Reached XP level 4. HP: 27/27 MP: 4/4
  1149 | D:4      | Reached skill level 4 in Maces & Flails
  1149 | D:4      | Reached XP level 5. HP: 22/32 MP: 5/5
  1164 | D:4      | HP: 1/32 [something/magic dart (7)]
  1173 | D:4      | Killed from afar by an orc wizard

Illustrated notes

Levels and vault maps discovered:
D:1:      ncdulo_halloftheorcs, layout_loops_ring, st_stairs_4
D:2:      layout_basic, fiery_altar_vehumet, kennysheep_doodads, uniq_natasha,
          uniq_terence
D:4:      layout_basic, lemuel_doored_altar, gup_sewer_entry_pipe, uniq_sigmund

Skill      XL: |  1  2  3  4 |
---------------+-------------+-----
Armour         | 1 |  1.7
Dodging        | 3 |  3.3
Maces & Flails | 4 |  4.1
Fighting       | |  2.9
Throwing       | |  1.7

Action                   |  1- 3 |  4- 6 || total
-------------------------+-------+-------++-------
Melee: Flail             |    66 |    48 ||   114
  Use: Potion            |     1 |     1 ||     2
       Scroll            |       |     2 ||     2
Armor: Leather armour    |    23 |    32 ||    55
       Skin              |    11 |     8 ||    19
Dodge: Dodged            |    34 |    14 ||    48
